 Dungeon Crawl Stone Soup version 0.25-a0-100-g33052ceff8 (console) character file.

Game seed: 17775326053982639373, levelgen mode: deterministic

270 Kagalorn the Basher (level 6, -2/47 HPs)
             Began as a Gnoll Wanderer on Nov 15, 2019.
             Killed by divine providence
             ... invoked by Grinder the smoke demon
              (14 damage)
             ... on level 4 of the Dungeon.
             The game lasted 00:10:22 (3534 turns).

Kagalorn the Basher (Gnoll Wanderer)                Turns: 3534, Time: 00:10:22

Health: -2/47      AC: 14    Str: 15    XL:     6   Next: 22%
Magic:  8/8        EV:  7    Int: 17    God:
Gold:   163        SH:  0    Dex: 13    Spells: 8/8 levels left

rFire    . . .     SeeInvis .   b - +0 mace
rCold    . . .     Gourm    .   (no shield)
rNeg     . . .     Faith    .   i - +0 chain mail
rPois    .         Spirit   .   r - +0 helmet
rElec    .         Reflect  .   p - +0 cloak
rCorr    .         Harm     .   (no gloves)
MR       .....                  (no boots)
Stlth    ..........             (no amulet)
HPRegen  0.15/turn              v - +4 ring of protection
MPRegen  0.11/turn              (no ring)

@: no status effects
A: distributed training, fangs 1, strong nose
a: no special abilities


You were on level 4 of the Dungeon.
You were not hungry.

You visited 1 branch of the dungeon, and saw 4 of its levels.

You collected 163 gold pieces.

Inventory:

Hand Weapons
 a - a +2 shortbow
 b - a +0 mace (weapon)
Missiles
 d - 86 arrows
 h - 177 stones (quivered)
 n - 19 bolts
Armour
 i - a +0 chain mail (worn)
 p - a +0 cloak (worn)
 r - a +0 helmet (worn)
 y - a +2 helmet
Jewellery
 c - an uncursed amulet of faith {unknown}
 v - a +4 ring of protection (left hand)
Wands
 x - a wand of polymorph (5)
Scrolls
 e - 2 scrolls of immolation {unknown}
 j - 5 scrolls of fog {unknown}
 l - 4 scrolls of amnesia {unknown}
 m - a scroll of magic mapping {unknown}
 o - 5 scrolls of identify {unknown}
 s - 2 scrolls of teleportation {unknown}
 t - a scroll of remove curse {unknown}
 w - a scroll of enchant weapon {unknown}
Potions
 g - 2 potions of might {unknown}
 k - a potion of curing
 q - 3 potions of heal wounds {unknown}
 u - a potion of resistance {unknown}
Comestibles
 f - 6 rations


   Skills:
 + Level 3.1 Fighting
 + Level 1.8 Short Blades
 + Level 1.8 Long Blades
 + Level 1.8 Axes
 + Level 8.7 Maces & Flails
 + Level 1.8 Polearms
 + Level 1.8 Staves
 + Level 1.8 Slings
 + Level 6.8 Bows
 + Level 1.8 Crossbows
 + Level 3.1 Throwing
 + Level 1.8 Armour
 + Level 1.8 Dodging
 + Level 1.8 Stealth
 + Level 3.1 Shields
 + Level 1.8 Unarmed Combat
 + Level 1.8 Spellcasting
 + Level 1.4 Conjurations
 + Level 1.4 Hexes
 + Level 1.4 Charms
 + Level 1.4 Summonings
 + Level 1.4 Necromancy
 + Level 1.4 Translocations
 + Level 1.4 Transmutations
 + Level 1.4 Fire Magic
 + Level 1.4 Ice Magic
 + Level 1.4 Air Magic
 + Level 1.4 Earth Magic
 + Level 1.4 Poison Magic
 + Level 2.0 Invocations
 + Level 1.8 Evocations


You had 8 spell levels left.
You didn't know any spells.
Your spell library was empty.

Dungeon Overview and Level Annotations

Branches:
Dungeon (4/15)             Temple (0/1) D:4

Altars:
Ashenzari
Dithmenos
Makhleb
Trog
Zin

Annotations:
D:4 Grinder


Innate Abilities, Weirdness & Mutations

Your experience applies equally to all skills.
You have very sharp teeth.
Your uncanny sense of smell can sniff out nearby items.


Message History

Evoke which item? (* to show all) (? for menu, Esc to quit)
Aiming: Polymorph
Press: ? - help, Shift-Dir - straight line, f - Grinder
Aim: Grinder (chance to defeat MR: 50%) Grinder evaporates and reforms as a smoke demon!
Grinder gestures at you. Makhleb smites you!
There is an open door here.
Grinder gestures at you. The ball of steam hits you!
You close the door.
You are engulfed in a cloud of scalding steam.
You are engulfed in a cloud of scalding steam.
Grinder opens the door.
Grinder gestures at you. The ball of steam hits you!
* * * LOW HITPOINT WARNING * * *
Grinder gestures at you. Makhleb smites you!
You die...

### #...##.#
..# #.#.##.#
#.#
#.#...3######
#...
#.###....)..#
..... ∆
#.###.......#
#....
#...........###
#...
######........#
.. #........#
#@.......#
#<######## ###


You could see Grinder the smoke demon.

Vanquished Creatures
  A worker ant (D:3)
  Natasha (thrice) (D:3)
  Robin (D:2)
  4 adders
  3 oozes
  2 worms
  A dart slug (D:1)
  3 leopard geckos
  4 orcs (D:3)
  4 giant cockroaches
  16 hobgoblins
  9 jackals
  6 kobolds
  3 quokkas
  A ball python (D:3)
  10 bats
  A frilled lizard (D:1)
  14 goblins
  A leopard gecko skeleton (D:4)
  9 rats
96 creatures vanquished.

Notes
Turn   | Place    | Note
-------+----------+-------------------------------------------
     0 | D:1      | Kagalorn the Gnoll Wanderer began the quest for the Orb.
     0 | D:1      | Kagalorn set off with the following items: a +2 shortbow,
                  | 24 arrows, a +0 ring mail, a +0 mace, a ration
     0 | D:1      | Reached XP level 1. HP: 17/17 MP: 1/1
   105 | D:1      | Reached XP level 2. HP: 23/23 MP: 2/2
   363 | D:1      | Reached XP level 3. HP: 28/28 MP: 3/3
   705 | D:2      | Reached skill level 1 in Invocations
   732 | D:2      | Noticed Robin
  1151 | D:2      | Found a glowing silver altar of Zin.
  1151 | D:2      | Found a burning altar of Makhleb.
  1152 | D:2      | Noticed an Executioner
  1152 | D:2      | Noticed an angel
  1153 | D:2      | Reached skill level 1 in Short Blades
  1153 | D:2      | Reached skill level 1 in Long Blades
  1153 | D:2      | Reached skill level 1 in Axes
  1153 | D:2      | Reached skill level 1 in Polearms
  1153 | D:2      | Reached skill level 1 in Staves
  1153 | D:2      | Reached skill level 1 in Slings
  1153 | D:2      | Reached skill level 1 in Crossbows
  1153 | D:2      | Reached skill level 1 in Armour
  1153 | D:2      | Reached skill level 1 in Dodging
  1153 | D:2      | Reached skill level 1 in Stealth
  1153 | D:2      | Reached skill level 1 in Unarmed Combat
  1153 | D:2      | Reached skill level 1 in Spellcasting
  1153 | D:2      | Reached skill level 1 in Evocations
  1205 | D:2      | Found a shadowy altar of Dithmenos.
  1262 | D:2      | Reached XP level 4. HP: 22/34 MP: 5/5
  1659 | D:2      | Reached skill level 1 in Conjurations
  1659 | D:2      | Reached skill level 1 in Hexes
  1659 | D:2      | Reached skill level 1 in Charms
  1659 | D:2      | Reached skill level 1 in Summonings
  1659 | D:2      | Reached skill level 1 in Necromancy
  1659 | D:2      | Reached skill level 1 in Translocations
  1659 | D:2      | Reached skill level 1 in Transmutations
  1659 | D:2      | Reached skill level 1 in Fire Magic
  1659 | D:2      | Reached skill level 1 in Ice Magic
  1659 | D:2      | Reached skill level 1 in Air Magic
  1659 | D:2      | Reached skill level 1 in Earth Magic
  1659 | D:2      | Reached skill level 1 in Poison Magic
  1874 | D:2      | Found a shadowy altar of Dithmenos.
  1895 | D:2      | Killed Robin
  1895 | D:2      | Reached XP level 5. HP: 29/40 MP: 6/6
  1927 | D:3      | Noticed Natasha
  1944 | D:3      | Killed Natasha
  2159 | D:3      | Found a shattered altar of Ashenzari.
  2205 | D:3      | Found a bloodstained altar of Trog.
  2603 | D:3      | Noticed Natasha
  2615 | D:3      | Killed Natasha
  2836 | D:3      | Noticed Natasha
  2846 | D:3      | Killed Natasha
  2846 | D:3      | Reached XP level 6. HP: 30/47 MP: 8/8
  3289 | D:4      | Found a staircase to the Ecumenical Temple.
  3294 | D:4      | Noticed Grinder
  3296 | D:4      | Paralysed by Grinder for 7 turns
  3309 | D:4      | Paralysed by Grinder for 6 turns
  3517 | D:4      | Noticed Grinder
  3517 | D:4      | Grinder changed into Grinder the smoke demon
  3534 | D:4      | Killed from afar by Grinder the smoke demon

Levels and vault maps discovered:
D:1:      ebering_trefoil_twist, layout_loops_ring, minmay_pentomino_p2
D:2:      layout_loops_cross, grunt_temple_overflow_order_and_chaos_2,
          lemuel_doored_altar, uniq_robin
D:3:      layout_basic, overflow_temple_1_default, cheibrodos_ashenzari_chains,
          uniq_natasha
D:4:      layout_basic, minmay_temple_entry_large_hall, first_ration,
          uniq_grinder, uniq_ijyb

Skill      XL: |  1  2  3  4  5 |
---------------+----------------+-----
Invocations    | 1 2 |  2.0
Short Blades   | 1 |  1.8
Long Blades    | 1 |  1.8
Axes           | 1 |  1.8
Polearms       | 1 |  1.8
Staves         | 1 |  1.8
Slings         | 1 |  1.8
Crossbows      | 1 |  1.8
Armour         | 1 |  1.8
Dodging        | 1 |  1.8
Stealth        | 1 |  1.8
Unarmed Combat | 1 |  1.8
Spellcasting   | 1 |  1.8
Evocations     | 1 |  1.8
Conjurations   | 1 |  1.4
Hexes          | 1 |  1.4
Charms         | 1 |  1.4
Summonings     | 1 |  1.4
Necromancy     | 1 |  1.4
Translocations | 1 |  1.4
Transmutations | 1 |  1.4
Fire Magic     | 1 |  1.4
Ice Magic      | 1 |  1.4
Air Magic      | 1 |  1.4
Earth Magic    | 1 |  1.4
Poison Magic   | 1 |  1.4
Fighting       | 3 |  3.1
Throwing       | 3 |  3.1
Shields        | 3 |  3.1
Maces & Flails | |  8.7
Bows           | |  6.8

Action                   |  1- 3 |  4- 6 || total
-------------------------+-------+-------++-------
Melee: Mace              |   113 |   233 ||   346
       Bite              |     4 |    22 ||    26
       Punch             |       |     2 ||     2
Evoke: Wand              |       |     1 ||     1
  Eat: Chunk             |     1 |     5 ||     6
       Ration            |       |     1 ||     1
Armor: Ring mail         |    34 |    96 ||   130
       Chain mail        |       |    38 ||    38
Dodge: Dodged            |    54 |   159 ||   213

Table legend:
 A = Non-vault XP
 B = Vault XP
 C = Vault XP percentage of total XP
 D = Non-vault monster count
 E = Vault monster count
 F = Vault count percentage of total count
                 A         B        C        D         E       F
            +---------+---------+-------+---------+---------+-------
      Total |     315 |      72 |  18.6 |      81 |      15 |  15.6
            +---------+---------+-------+---------+---------+-------
        D:1 |      46 |       5 |   9.8 |      25 |       3 |  10.7
        D:2 |      93 |      35 |  27.3 |      27 |      11 |  28.9
        D:3 |     168 |      32 |  16.0 |      27 |       1 |   3.6
        D:4 |       8 |       0 |   0.0 |       2 |       0 |   0.0
            +---------+---------+-------+---------+---------+-------
